 Seeded DCSS version 0.28-a0-1567-g1695149f81 (webtiles) character file.

Game seed: 41954 (custom seed)

531 knot the Chopper (level 7, 43/53 HPs)
             Began as a Demonspawn Berserker on Jan 20, 2022.
             Was a Priest of Trog.
             Quit the game on level 3 of the Dungeon.
             The game lasted 00:04:26 (5129 turns).

knot the Chopper (Demonspawn Berserker)             Turns: 5129, Time: 00:04:27

Health: 43/53      AC:  3    Str: 17    XL:     7   Next: 3%
Magic:  7/7        EV: 12    Int: 11    God:    Trog [***...]
Gold:   155        SH:  0    Dex: 12    Spells: 6/6 levels left

rFire   + . .      SeeInvis .   p - +0 war axe (venom)
rCold   . . .      Faith    .   (no shield)
rNeg    . . .      Spirit   .   b - +0 animal skin
rPois   .          Reflect  .   (no helmet)
rElec   .          Harm     .   (no cloak)
rCorr   .          Rampage  .   (no gloves)
Will    .....                   (no boots)
Stlth   +.........              (no amulet)
HPRegen 0.17/turn               i - ring of protection from fire
MPRegen 0.10/turn               (no ring)

@: no status effects
A: rugged brown scales 1, spiny 1
a: Renounce Religion, Berserk, Trog's Hand


You were on level 3 of the Dungeon.
You worshipped Trog.
Trog was most pleased with you.
You visited 1 branch of the dungeon, and saw 3 of its levels.

You collected 155 gold pieces.

Inventory:

Hand Weapons
 a - a +0 hand axe
 p - a +0 war axe of venom (weapon)
Missiles
 c - 30 stones (quivered)
 m - 5 javelins
 q - 2 atropa-tipped darts
 v - 4 boomerangs
 w - 6 poisoned darts
 y - a boomerang of dispersal
Armour
 b - a +0 animal skin (worn)
Jewellery
 i - a ring of protection from fire (left hand)
 z - an amulet of faith
Wands
 o - a wand of polymorph (4)
Scrolls
 e - 2 scrolls of magic mapping {unknown}
 f - a scroll of enchant armour {unknown}
 g - a scroll of blinking {unknown}
 h - 5 scrolls of identify {unknown}
 j - 2 scrolls of teleportation {unknown}
 l - a scroll of silence {unknown}
 n - a scroll of enchant weapon {unknown}
 r - a scroll of immolation {unknown}
 t - a scroll of holy word {unknown}
 x - a scroll of fear {unknown}
Potions
 d - a potion of invisibility {unknown}
 k - a potion of flight {unknown}
 s - 2 potions of lignification {unknown}
 u - a potion of mutation {unknown}
 A - 2 potions of curing {unknown}


   Skills:
 - Level 3.0 Fighting
 + Level 7.4 Axes
 - Level 1.7 Armour
 - Level 1.7 Dodging


You had 6 spell levels left.
You didn't know any spells.
Your spell library contained the following spells:

 Spells                   Type           Power      Damage    Failure   Level
 Slow                     Hex            0%         N/A       34%         1
 Summon Small Mammal      Summ           0%         N/A       34%         1
 Call Canine Familiar     Summ           0%         N/A       71%         3
 Ozocubu's Armour         Ice            0%         N/A       71%         3
 Summon Guardian Golem    Hex/Summ       0%         N/A       71%         3
 Tukima's Dance           Hex            0%         N/A       71%         3
 Anguish                  Hex/Necr       0%         N/A       98%         4
 Cause Fear               Hex            0%         N/A       98%         4
 Passage of Golubria      Tloc           0%         N/A       98%         4
 Fireball                 Conj/Fire      0%         3d3       100%        5
 Freezing Cloud           Conj/Ice/Air   0%         6-21      100%        5
 Yara's Violent Unravell  Hex/Tmut       0%         3d3       100%        5
 Simulacrum               Ice/Necr       0%         N/A       100%        6
 Starburst                Conj/Fire      0%         6d3       100%        6
 Ozocubu's Refrigeration  Ice            0%         4d5       100%        7
 Ignition                 Fire           0%         3d3       100%        8
 Polar Vortex             Ice            0%         N/A       100%        9


Dungeon Overview and Level Annotations

Branches:
Dungeon (3/15)

Altars:


Innate Abilities, Weirdness & Mutations

You are partially covered in rugged brown scales. (AC +1, +3% HP)
You are partially covered in sharp spines.


Message History

You hit the plant.
The plant is poisoned.
The plant is lightly damaged.
A nearby plant withers and dies.
A jackal comes into view.
The howler monkey hoots and howls with incredible vigour!
You hear a bark!
You hear a shout!
A jackal comes into view.
You barely miss the jackal. The jackal bites you.
You barely miss the jackal. The jackal misses you. x2
You hit the howler monkey.
The howler monkey is poisoned.
The howler monkey is lightly wounded.
You hit the jackal.
The jackal is poisoned.
The jackal bites you but does no damage.
A jackal comes into view.
The howler monkey hoots and howls with incredible vigour!
The jackal barks!
You hear a bark!
You closely miss the jackal.
The jackal is almost dead.
You hit the howler monkey.
The howler monkey looks as sick as possible!
The jackal bites you but does no damage.
The howler monkey hits you.
A jackal comes into view.
The jackal bites you. x2
You miss the jackal. You punch the jackal, but do no damage.
The jackal is severely wounded.
You hit the howler monkey.
The howler monkey looks as sick as possible!
You barely miss the jackal.
You kill the howler monkey!
Trog accepts your kill.
You kill the jackal!
Trog accepts your kill.
A jackal comes into view.
The jackal closely misses you.
The jackal pauses to sniff the water.
You have reached level 7!
Your demonic ancestry asserts itself...
Sharp spines emerge from parts of your body.
Are you sure you want to abandon this character and quit the game? (Confirm with "yes".)

#....≈≈≈.# #....≈≈≈.#.#
#....≈≈###'#
#....≈≈#...############
#....≈≈#...#?......$...
#....≈≈#####≈hh≈≈≈≈≈h≈h
#....≈≈≈≈≈≈≈≈≈≈≈≈≈≈≈≈≈≈
#....≈≈≈≈≈≈≈≈≈≈≈≈≈≈h≈≈≈
#..............@.....h.
#......P........h......
#######################


You could see a hound and 6 jackals.

Vanquished Creatures
  A kobold brigand (D:3)
  A howler monkey (D:3)
  A hound (D:3)
  Natasha (thrice) (D:2)
  Robin (D:2)
  15 gnolls
  3 adders
  4 worms
  A dart slug (D:2)
  19 orcs (D:3)
  4 bats
  5 endoplasms
  2 giant cockroaches (D:1)
  8 hobgoblins
  5 jackals (D:3)
  6 kobolds
  3 quokkas
  4 ball pythons
  3 frilled lizards
  17 goblins
  9 rats
115 creatures vanquished.

Vanquished Creatures (others)
  A plant (D:3)
1 creature vanquished.

Grand Total: 116 creatures vanquished

Notes
Turn   | Place    | Note
-------+----------+-------------------------------------------
     0 | D:1      | knot the Demonspawn Berserker began the quest for the Orb.
     0 | D:1      | Reached XP level 1. HP: 18/18 MP: 1/1
    30 | D:1      | Reached skill level 3 in Axes
    37 | D:1      | Gained mutation: You are partially covered in rugged brown
                  | scales. (AC +1, +3% HP) [demonic ancestry]
    37 | D:1      | Reached XP level 2. HP: 7/24 MP: 2/2
   534 | D:1      | Reached XP level 3. HP: 29/29 MP: 3/3
   635 | D:1      | Reached ** piety under Trog
   808 | D:1      | Reached skill level 4 in Axes
  1326 | D:2      | Noticed Robin
  1332 | D:2      | Reached XP level 4. HP: 36/36 MP: 4/4
  1342 | D:2      | Killed Robin
  1711 | D:2      | Noticed Natasha
  1724 | D:2      | Killed Natasha
  1725 | D:2      | Reached skill level 5 in Axes
  1995 | D:2      | Noticed Natasha
  2003 | D:2      | Killed Natasha
  2004 | D:2      | Reached XP level 5. HP: 29/42 MP: 5/5
  2761 | D:2      | Noticed Natasha
  2769 | D:2      | Killed Natasha
  3244 | D:3      | Got the Tome of Enchantment
  3647 | D:3      | Reached *** piety under Trog
  3648 | D:3      | Reached skill level 6 in Axes
  3675 | D:3      | Reached XP level 6. HP: 32/48 MP: 6/6
  4589 | D:3      | Reached skill level 7 in Axes
  5004 | D:3      | Found a faded altar of an unknown god.
  5129 | D:3      | Gained mutation: You are partially covered in sharp spines.
                  | [demonic ancestry]
  5129 | D:3      | Reached XP level 7. HP: 43/53 MP: 7/7
  5129 | D:3      | Quit the game

Illustrated notes

Levels and vault maps discovered:
D:1:      scummos_arrival_forest, layout_rooms, nrook_campfire, minivault_14,
          chequers_serial_rivers_room_b, minivault_24, minmay_quantized
D:2:      minmay_spotlight, layout_basic, uniq_natasha, uniq_robin
D:3:      lemuel_castle_with_subvaults [lemuel_castle_interior_carwin_1],
          layout_rooms, ebering_ecumenical_altar_hall

Skill      XL: |  1  2  3  4  5  6 |
---------------+-------------------+-----
Axes           | 3 4 5 6 7 |  7.4
Fighting       | |  3.0
Armour         | |  1.7
Dodging        | |  1.7

Action                   |  1- 3 |  4- 6 |  7- 9 || total
-------------------------+-------+-------+-------++-------
Melee: Hand axe          |    95 |   177 |       ||   272
       Punch             |       |     3 |       ||     3
       War axe           |       |    30 |       ||    30
Invok: Berserk           |     2 |     8 |       ||    10
Evoke: Wand              |       |     7 |       ||     7
 Stab: Sleeping          |     2 |       |       ||     2
       Distracted        |       |     1 |       ||     1
Armor: Animal skin       |    20 |    16 |       ||    36
Dodge: Dodged            |    61 |   108 |       ||   169

Table legend: (Time is in decaauts)
 A = Elapsed time spent in this place.
 B = Non-inter-level travel time spent in this place.
 C = Inter-level travel time spent in this place.
 D = Time resting spent in this place.
 E = Time spent auto-exploring this place.
 F = Levels seen in this place.
 G = Mean time per level.
                   A        B        C        D        E       F      G
               +--------+--------+--------+--------+--------+-----+--------+
         Total |   5259 |   5222 |     37 |   2005 |   2499 |   3 | 1753.0 |
       Dungeon |   5259 |   5222 |     37 |   2005 |   2499 |   3 | 1753.0 |
               +--------+--------+--------+--------+--------+-----+--------+

Top non-repeatable levels by time:
     D:2: 2974 daAuts
     D:3: 1270 daAuts
     D:1: 1014 daAuts
